 Dungeon Crawl Stone Soup version 0.31-a0-455-g1a7b003ef0 (webtiles) character file.

Game seed: 11810232023229914039

285 Dittersdorf the Shield-Bearer (level 6, 0/39 HPs)
             Began as a Gargoyle Fighter on Aug 3, 2023.
             Slain by a river rat (4 damage)
             ... summoned by Eustachio
             ... on level 4 of the Dungeon.
             The game lasted 00:02:29 (2005 turns).

Dittersdorf the Shield-Bearer (Gargoyle Fighter)    Turns: 2005, Time: 00:02:30

Health: 0/39       AC: 11    Str: 21    XL:     6   Next: 29%
Magic:  6/6        EV:  9    Int:  9    God:
Gold:   84         SH:  4    Dex:  9    Spells: 5/5 levels left

rFire   . . .        d - +1 flail (holy)
rCold   . . .        c - +0 buckler
rNeg    + . .        b - +0 scale mail
rPois   ∞            (no helmet)
rElec   +            (no cloak)
rCorr   .            (no gloves)
SInv    .            (no boots)
Will    .....        (no amulet) Stlth
                     (no ring)
HPRegen 0.26/turn    (no ring)
MPRegen 0.10/turn

%: no passive effects
@: no status effects
A: sickness immunity, AC +4, negative energy resistance 1, electricity
resistance, torment resistance 1, petrification resistance
a: no special abilities


You were on level 4 of the Dungeon.
You visited 1 branch of the dungeon, and saw 4 of its levels.

You collected 84 gold pieces.

Inventory:

Hand Weapons
 d - a +1 flail of holy wrath (weapon)
Armour
 b - a +0 scale mail (worn)
 c - a +0 buckler (worn)
Scrolls
 a - a scroll of blinking {unknown}
 f - a scroll of noise {unknown}
 i - a scroll of identify {unknown}
 k - 2 scrolls of acquirement {unknown}
 o - a scroll of immolation {unknown}
Potions
 e - a potion of resistance {unknown}
 g - a potion of mutation {unknown}
 h - a potion of haste {unknown}
 j - a potion of degeneration {unknown}
 l - a potion of magic {unknown}
 m - a potion of curing {unknown}


   Skills:
 + Level 4.7 Fighting
 + Level 3.5 Maces & Flails
 + Level 4.6 Armour
 + Level 4.7 Shields


You had 5 spell levels left.
You didn't know any spells.
Your spell library contained the following spells:

 Spells                   Type           Power      Damage    Failure   Level
 Portal Projectile        Hex/Tloc       0%         N/A       98%         3
 Tukima's Dance           Hex            0%         N/A       98%         3
 Iskenderun's Mystic Bla  Conj/Tloc      0%         2d3       100%        4


Dungeon Overview and Level Annotations

Branches:
Dungeon (4/15)
 Temple: D:4-7

Altars:
Wu Jian
The Shining One

Annotations:
D:4 Eustachio


Innate Abilities, Weirdness & Mutations

You are immune to sickness and miasma.
Your stone body is resilient. (AC +4)
You are immune to poison.
You resist negative energy. (rN+)
You are resistant to electric shocks. (rElec)
You are resistant to unholy torment.
You are immune to petrification.


Message History

Throw: dart (poison)
Press: ? - help, Q - select action Shift-Dir - straight line, f/p - Eustachio
Aim: Eustachio, wielding a +3 falchion of protection and wearing a +0 leather armour (38% to hit)
You throw a poisoned dart.
The poisoned dart completely misses Eustachio.
The bat disappears in a puff of smoke!
The quokka disappears in a puff of smoke!
Eustachio casts a spell.
The river rat bites you but does no damage.
You hit the river rat.
The river rat is lightly wounded.
The goblin hits you but does no damage.
Eustachio mumbles some strange words.
Eustachio blinks!
The river rat bites you but does no damage. x2
You hit the river rat but do no damage.
The river rat is lightly wounded.
The goblin closely misses you.
Eustachio says, "My allies will avenge me."
The river rat bites you.
* * * LOW HITPOINT WARNING * * *
The river rat bites you but does no damage.
You hit the river rat.
The river rat is moderately wounded.
The goblin closely misses you.
Eustachio mumbles some strange words.
Eustachio blinks!
You block the river rat's attack.
The river rat bites you but does no damage.
The goblin hits you but does no damage.
You barely miss the goblin. The river rat bites you.
* * * LOW HITPOINT WARNING * * *
The river rat bites you but does no damage.
The goblin closely misses you. The river rat misses you.
The river rat completely misses you.
You thump the goblin!
You kill the goblin!
The river rat bites you.
* * * LOW HITPOINT WARNING * * *
The river rat bites you.
You die...

#..###.##.####.....
...##..)...# ##... ###
#.#..### .. #.#..#
..#..# . .###..# ... #.
#..# #....
...####.#########.@....
........(....rr@r......
.##########..5r###.....
........#### ...
######### .


You could see Eustachio, a crimson imp (summoned), 3 river rats and a rat
(summoned).

Vanquished Creatures
  Edmund (D:4)
  A scorpion (D:3)
  A jelly (D:4)
  2 adders
  2 dart slugs
  6 orcs (D:3)
  3 ball pythons
  An endoplasm (D:3)
  A giant cockroach (D:3)
  7 hobgoblins
  5 jackals (D:1)
  A quokka (D:4)
  3 bats
  4 frilled lizards
  5 goblins
  4 kobolds
  5 rats
52 creatures vanquished.

Notes
Turn   | Place    | Note
-------+----------+-------------------------------------------
     0 | D:1      | Dittersdorf the Gargoyle Fighter began the quest for the
                  | Orb.
     0 | D:1      | Reached XP level 1. HP: 14/14 MP: 1/1
    52 | D:1      | Reached XP level 2. HP: 19/19 MP: 2/2
   348 | D:1      | Reached XP level 3. HP: 22/23 MP: 3/3
  1004 | D:2      | You fall into a shaft and drop 2 floors!
  1054 | D:4      | Noticed Edmund
  1076 | D:4      | Killed Edmund
  1077 | D:4      | Reached XP level 4. HP: 22/30 MP: 4/4
  1077 | D:4      | Reached XP level 5. HP: 24/34 MP: 5/5
  1122 | D:3      | Found an ornate altar of the Wu Jian Council.
  1188 | D:3      | Reached XP level 6. HP: 32/39 MP: 6/6
  1224 | D:3      | Found a faded altar of an unknown god.
  1718 | D:3      | Found a glowing golden altar of the Shining One.
  1966 | D:4      | Noticed Eustachio
  2005 | D:4      | Slain by a river rat

Illustrated notes

Levels and vault maps discovered:
D:1:      nzn_arrival_settlement, layout_rooms, chequers_mini_garden,
          grunt_decor_arrowhead
D:2:      layout_loops_ring
D:3:      layout_basic, mainiacjoe_overflow_alcove_1,
          mainiacjoe_overflow_catwalk, shapermc_ecumenical_altar_acropolis
D:4:      layout_rooms, uniq_robin, uniq_edmund, uniq_eustachio

Skill      XL: |  1  2  3 |
---------------+----------+-----
Fighting       | 4 |  4.7
Maces & Flails | 3 |  3.5
Armour         | 4 |  4.6
Shields        | 4 |  4.7

Action                     |  1- 3 |  4- 6 || total
---------------------------+-------+-------++-------
  Melee: Flail             |   134 |    82 ||   216
  Throw: Dart              |       |     3 ||     3
    Use: Potion            |     1 |       ||     1
 Armour: Scale mail        |    76 |    51 ||   127
  Dodge: Dodged            |    70 |    51 ||   121
  Block: Buckler           |    29 |    19 ||    48

Table legend: (Time is in decaauts)
 A = Elapsed time spent in this place.
 B = Non-inter-level travel time spent in this place.
 C = Inter-level travel time spent in this place.
 D = Time resting spent in this place.
 E = Time spent auto-exploring this place.
 F = Levels seen in this place.
 G = Mean time per level.
                   A        B        C        D        E       F      G
               +--------+--------+--------+--------+--------+-----+--------+
         Total |   2068 |   1972 |     96 |      0 |   1481 |   4 |  517.0 |
       Dungeon |   2068 |   1972 |     96 |      0 |   1481 |   4 |  517.0 |
               +--------+--------+--------+--------+--------+-----+--------+

Top non-repeatable levels by time:
     D:3: 732 daAuts
     D:2: 626 daAuts
     D:1: 538 daAuts
     D:4: 172 daAuts
